Jets vs Canucks
Created - December 14, 2022 at 19:05
Goals
|
| Jets |
1 |
2 |
1 |
4 |
| Canucks |
0 |
1 |
0 |
1 |
|
Shots
|
| Jets |
5 |
9 |
16 |
30 |
| Canucks |
10 |
13 |
14 |
37 |
|
1st period
1. Jets , Dougie Hamilton 1 (Adam Henrique 9) at 12:24 (PP)
Penalties :
Kyle Clifford (Van) for Holding (Minor) at 5:36, Kyle Clifford (Van) for Roughing (Minor) at 11:46, Gilbert Brule (Van) for Roughing (Minor) at 19:46
2nd period
2. Canucks , Kyle Clifford 10 (Michael Kostka 4, Hampus Lindholm 11) at 8:31
3. Jets , Tyler Toffoli 6 (Ryan Johansen 12, Adam Larsson 5) at 12:37
4. Jets , Ryan Johansen 12 (Tyler Toffoli 4) at 16:51
Penalties :
No Penalty
3rd period
5. Jets , Nick Bjugstad 4 (Marco Scandella 5, Adam Henrique 10) at 6:10
Penalties :
Tyler Myers (Van) for Hooking (Minor) at 9:20
Goalie Stats
Jacob Markstrom (Win), 36 saves from 37 shots - (0.973), W, 6-6-1, 60:00 minutes
Alexandar Georgiev (Van), 26 saves from 30 shots - (0.867), L, 7-8-1, 60:00 minutes
Players Stats for Jets
Player Name G A P +/- PIM S H SB GA TA FO MP PP MP PK MP
------------------------------------------------------------------------------------
Adam Henrique 0 2 2 1 0 1 2 0 0 0 14/28 19:48 2:42 0:00
Adam Larsson 0 1 1 2 0 1 2 3 1 2 0/0 19:30 1:36 0:00
Alexander Wennberg 0 0 0 0 0 0 0 0 1 0 3/4 13:38 1:20 0:00
Anthony Mantha 0 0 0 0 0 1 0 0 0 0 0/1 13:15 0:05 0:00
Brent Burns 0 0 0 0 0 0 0 3 0 0 0/0 15:02 1:30 0:00
Dougie Hamilton 1 0 1 0 0 3 3 0 1 1 0/0 26:04 4:16 0:00
Frank Vatrano 0 0 0 0 0 1 1 0 0 0 0/0 8:20 0:05 0:00
Jussi Jokinen 0 0 0 0 0 1 2 1 1 1 0/0 12:33 0:00 0:00
Marco Scandella 0 1 1 2 0 1 2 1 0 1 0/0 16:39 0:09 0:00
Max Domi 0 0 0 1 0 4 2 0 1 0 3/3 19:52 2:42 0:00
Mirco Mueller 0 0 0 0 0 0 0 1 0 0 0/0 2:19 0:00 0:00
Nick Bjugstad 1 0 1 1 0 4 4 0 1 0 0/0 19:49 2:42 0:00
Noel Acciari 0 0 0 0 0 0 3 0 0 0 1/2 6:57 0:00 0:00
Ryan Johansen 1 1 2 1 0 7 2 0 0 0 12/31 20:30 3:48 0:00
Ryan Murray 0 0 0 0 0 3 1 0 0 1 0/0 24:12 2:33 0:00
Sam Reinhart 0 0 0 1 0 0 1 1 0 1 1/1 24:48 2:33 0:00
Troy Stetcher 0 0 0 0 0 0 0 0 0 0 0/0 16:14 3:06 0:00
Tyler Toffoli 1 1 2 1 0 3 3 1 1 0 0/0 20:30 3:48 0:00
Players Stats for Canucks
Player Name G A P +/- PIM S H SB GA TA FO MP PP MP PK MP
------------------------------------------------------------------------------------
Brandon Burlon 0 0 0 0 0 1 2 0 1 0 0/0 9:16 0:00 2:02
Brandon Sutter 0 0 0 -3 0 2 1 0 0 1 8/15 15:43 0:00 0:08
Daniel Carcillo 0 0 0 0 0 2 0 1 0 0 0/0 8:38 0:00 0:20
Derick Brassard 0 0 0 -3 0 7 1 0 0 0 0/1 18:10 0:00 2:51
Drew Doughty 0 0 0 -1 0 1 0 1 2 2 0/0 29:37 0:00 3:37
Gilbert Brule 0 0 0 0 2 1 1 0 0 1 3/5 11:18 0:00 0:00
Hampus Lindholm 0 1 1 -1 0 3 0 0 1 1 0/0 23:14 0:00 2:58
Joe Pavelski 0 0 0 0 0 0 0 0 0 0 0/0 10:55 0:00 0:00
Josh Bailey 0 0 0 0 0 0 1 0 0 0 0/0 7:51 0:00 0:00
Josh Gorges 0 0 0 0 0 1 1 1 0 0 0/0 8:13 0:00 0:00
Jujhar Khaira 0 0 0 0 0 1 0 0 1 0 0/0 12:29 0:00 1:21
Kyle Clifford 1 0 1 1 4 6 2 0 0 1 1/4 21:20 0:00 2:15
Marcus Johansson 0 0 0 1 0 4 1 0 0 0 1/1 21:11 0:00 2:25
Maxim Talbot 0 0 0 0 0 2 1 0 0 0 2/3 7:51 0:00 0:00
Michael Kostka 0 1 1 -1 0 1 0 0 2 0 0/0 21:23 0:00 2:11
Robert Nilsson 0 0 0 1 0 3 5 0 0 1 20/40 22:30 0:00 3:50
Sam Gagner 0 0 0 -3 0 1 1 0 0 0 1/1 15:08 0:00 0:00
Tyler Myers 0 0 0 -1 2 1 4 0 0 0 0/0 28:34 0:00 2:22
3 Stars
1 - Jacob Markstrom (Win)
2 - Tyler Toffoli (Win)
3 - Ryan Johansen (Win)
Power Play
Jets - 1 on 4 Attempt(s) - 25.00%
Canucks - 0 on 0 Attempt(s) - 0.00%
Penalty Kill
Jets - 0 on 0 Attempt(s) - 0.00%
- Score 0 goal in Penalty Kill
Canucks - 3 on 4 Attempt(s) - 75.00%
- Score 0 goal in Penalty Kill
Team Stat
Jets - Hits : 28 - Faceoff Wins : 34 - Blocked Shots : 11 - Penalty Minutes : 0
Canucks - Hits : 21 - Faceoff Wins : 36 - Blocked Shots : 3 - Penalty Minutes : 8
Official
Referees : Beaudry Halkidis and Chris Rooney
Linesman : Scott Cherrey and Bryan Pancich
Game Notes
No Game Note
Finance
Level 1 -- Attendance: 5568 (92.80%) -- Ticket Income $556,800
Level 2 -- Attendance: 4795 (95.90%) -- Ticket Income $287,700
Level 3 -- Attendance: 1892 (94.60%) -- Ticket Income $66,220
Level 4 -- Attendance: 3517 (87.93%) -- Ticket Income $87,925
Luxury Box -- Attendance: 993 (99.30%) -- Ticket Income $198,600
Game was played at the Rodgers Arena.
Total Attendance: 16765 (93.14%)
Total Ticket Income: $1,197,245
Other Income: $179,587
Total Income: $1,376,832
Jets
5 vs 5 Forward
Center Left Wing Right Wing Time % Phy DF OF
1 Ryan Johansen Sam Reinhart Tyler Toffoli 35 1 2 2
2 Adam Henrique Max Domi Nick Bjugstad 35 1 2 2
3 Alexander Wennberg Jussi Jokinen Anthony Mantha 20 1 2 2
4 Noel Acciari Frank Vatrano Sam Reinhart 10 1 2 2
5 vs 5 Defense
Defense Defense Time % Phy DF OF
1 Ryan Murray Dougie Hamilton 40 1 2 2
2 Adam Larsson Marco Scandella 30 1 2 2
3 Brent Burns Troy Stetcher 25 1 2 2
4 Mirco Mueller Adam Larsson 5 1 2 2
PowerPlay Forward
Center Left Wing Right Wing Time % Phy DF OF
1 Ryan Johansen Sam Reinhart Tyler Toffoli 60 0 0 5
2 Adam Henrique Max Domi Nick Bjugstad 40 0 0 5
PowerPlay Defense
Defense Defense Time % Phy DF OF
1 Troy Stetcher Dougie Hamilton 60 0 1 4
2 Brent Burns Ryan Murray 40 0 1 4
Penalty Kill 4 Players Forward
Center Wing Time % Phy DF OF
1 Ryan Johansen Anthony Mantha 60 0 4 1
2 Tyler Toffoli Frank Vatrano 40 0 4 1
Penalty Kill 4 Players Defense
Defense Defense Time % Phy DF OF
1 Ryan Murray Marco Scandella 60 1 4 0
2 Dougie Hamilton Adam Larsson 40 1 4 0
Penalty Kill - 3 Players Forward
Forward Time % Phy DF OF
1 Ryan Johansen 60 0 4 1
2 Adam Henrique 40 0 4 1
Penalty Kill - 3 Players Defense
Defense Defense Time % Phy DF OF
1 Ryan Murray Marco Scandella 60 1 4 0
2 Adam Larsson Dougie Hamilton 40 1 4 0
4 vs 4 Forward
Center Wing Time % Phy DF OF
1 Ryan Johansen Nick Bjugstad 60 1 2 2
2 Adam Henrique Tyler Toffoli 40 1 2 2
4 vs 4 Defense
Defense Defense Time % Phy DF OF
1 Adam Larsson Marco Scandella 60 1 2 2
2 Dougie Hamilton Ryan Murray 40 1 2 2
Last Minutes Offensive
Center Left Wing Right Wing Defense Defense
Ryan Johansen Max Domi Tyler Toffoli Dougie Hamilton Marco Scandella
Last Minutes Defensive
Center Left Wing Right Wing Defense Defense
Ryan Johansen Frank Vatrano Tyler Toffoli Ryan Murray Marco Scandella
Goaltenders
Starting : Jacob Markstrom
Backup : Elvis Merzlikins
Extra Forwards
Normal : Nick Bjugstad, Max Domi, Anthony Mantha - PP : Nick Bjugstad, Alexander Wennberg - PK : Nick Bjugstad
Extra Defensemen
Normal : Dougie Hamilton, Adam Larsson, Marco Scandella - PP : Brent Burns - PK : Brent Burns, Marco Scandella
Penalty Shots
Ryan Johansen, Tyler Toffoli, Adam Henrique, Jussi Jokinen, Nick Bjugstad
Scratches
Alex Galchenyuk (Suspend)
Canucks
5 vs 5 Forward
Center Left Wing Right Wing Time % Phy DF OF
1 Robert Nilsson Kyle Clifford Marcus Johansson 50 1 2 2
2 Brandon Sutter Derick Brassard Sam Gagner 35 1 2 2
3 Gilbert Brule Jujhar Khaira Joe Pavelski 10 1 2 2
4 Maxim Talbot Daniel Carcillo Josh Bailey 5 2 3 0
5 vs 5 Defense
Defense Defense Time % Phy DF OF
1 Drew Doughty Tyler Myers 50 1 2 2
2 Michael Kostka Hampus Lindholm 35 1 2 2
3 Josh Gorges Brandon Burlon 10 2 3 0
4 Drew Doughty Tyler Myers 5 1 2 2
PowerPlay Forward
Center Left Wing Right Wing Time % Phy DF OF
1 Robert Nilsson Kyle Clifford Marcus Johansson 60 0 0 5
2 Brandon Sutter Derick Brassard Sam Gagner 40 0 0 5
PowerPlay Defense
Defense Defense Time % Phy DF OF
1 Drew Doughty Tyler Myers 60 0 0 5
2 Michael Kostka Hampus Lindholm 40 0 0 5
Penalty Kill 4 Players Forward
Center Wing Time % Phy DF OF
1 Robert Nilsson Kyle Clifford 54 3 2 0
2 Derick Brassard Marcus Johansson 46 3 2 0
Penalty Kill 4 Players Defense
Defense Defense Time % Phy DF OF
1 Drew Doughty Tyler Myers 60 2 3 0
2 Michael Kostka Hampus Lindholm 40 3 2 0
Penalty Kill - 3 Players Forward
Forward Time % Phy DF OF
1 Robert Nilsson 60 3 2 0
2 Kyle Clifford 40 3 2 0
Penalty Kill - 3 Players Defense
Defense Defense Time % Phy DF OF
1 Drew Doughty Tyler Myers 60 3 2 0
2 Michael Kostka Hampus Lindholm 40 3 2 0
4 vs 4 Forward
Center Wing Time % Phy DF OF
1 Robert Nilsson Kyle Clifford 60 0 0 5
2 Derick Brassard Marcus Johansson 40 0 0 5
4 vs 4 Defense
Defense Defense Time % Phy DF OF
1 Drew Doughty Tyler Myers 60 1 2 2
2 Michael Kostka Hampus Lindholm 40 1 2 2
Last Minutes Offensive
Center Left Wing Right Wing Defense Defense
Robert Nilsson Kyle Clifford Marcus Johansson Drew Doughty Hampus Lindholm
Last Minutes Defensive
Center Left Wing Right Wing Defense Defense
Robert Nilsson Kyle Clifford Marcus Johansson Drew Doughty Tyler Myers
Goaltenders
Starting : Alexandar Georgiev
Backup : Matt Hackett
Extra Forwards
Normal : Brandon Sutter, Sam Gagner, Jujhar Khaira - PP : Brandon Sutter, Sam Gagner - PK : Jujhar Khaira
Extra Defensemen
Normal : Hampus Lindholm, Brandon Burlon, Michael Kostka - PP : Hampus Lindholm - PK : Brandon Burlon, Michael Kostka
Penalty Shots
Robert Nilsson, Derick Brassard, Kyle Clifford, Marcus Johansson, Sam Gagner
Scratches
None
% Time on Ice - Jets
Lines # - Real PCT - Wanted PCT - Time Play
Normal Forward
1 - 32% - 35% - 17:00
2 - 32% - 35% - 16:55
3 - 23% - 20% - 12:33
4 - 13% - 10% - 6:57
Normal Defense
1 - 41% - 40% - 21:54
2 - 30% - 30% - 16:11
3 - 24% - 25% - 13:01
4 - 4% - 5% - 2:19
PP Forward
1 - 59% - 60% - 3:53
2 - 41% - 40% - 2:42
PP Defense
1 - 61% - 60% - 4:02
2 - 39% - 40% - 2:33
PK Forward
1 - 0% - 60%
2 - 0% - 40%
PK Defense
1 - 0% - 60%
2 - 0% - 40%
PK3 Forward
1 - 0% - 60%
2 - 0% - 40%
PK3 Defense
1 - 0% - 60%
2 - 0% - 40%
44 Forward
1 - 0% - 60%
2 - 0% - 40%
44 Defense
1 - 0% - 60%
2 - 0% - 40%
Last Minute Offensive - 0:00
Last Minute Defensive - 0:00
Total
Forward - 60:00
Defense - 60:00
|
% Time on Ice - Canucks
Lines # - Real PCT - Wanted PCT - Time Play
Normal Forward
1 - 36% - 50% - 19:07
2 - 29% - 35% - 15:32
3 - 20% - 10% - 10:55
4 - 15% - 5% - 7:51
Normal Defense
1 - 49% - 50% - 26:00
2 - 36% - 35% - 19:12
3 - 15% - 10% - 8:13
4 - 0% - 5% - 0:00
PP Forward
1 - 0% - 60%
2 - 0% - 40%
PP Defense
1 - 0% - 60%
2 - 0% - 40%
PK Forward
1 - 63% - 54% - 4:10
2 - 37% - 46% - 2:25
PK Defense
1 - 67% - 60% - 4:24
2 - 33% - 40% - 2:11
PK3 Forward
1 - 0% - 60%
2 - 0% - 40%
PK3 Defense
1 - 0% - 60%
2 - 0% - 40%
44 Forward
1 - 0% - 60%
2 - 0% - 40%
44 Defense
1 - 0% - 60%
2 - 0% - 40%
Last Minute Offensive - 0:00
Last Minute Defensive - 0:00
Total
Forward - 60:00
Defense - 60:00
|
Play-by-Play
1st period
0:01 of 1st period - Robert Nilsson wins face-off versus Ryan Johansen in neutral zone.
0:30 of 1st period - Slapshot by Max Domi.
0:30 of 1st period - Deflect By Adam Henrique.
0:30 of 1st period - Shot Misses the Net.
0:30 of 1st period - Puck is out of play.
0:31 of 1st period - Gilbert Brule wins face-off versus Adam Henrique in Canucks zone.
0:46 of 1st period - Wrist shot by Jujhar Khaira.
0:46 of 1st period - Shot Misses the Net.
0:48 of 1st period - Slapshot by Hampus Lindholm.
0:48 of 1st period - Stopped by Jacob Markstrom without a rebound.
0:49 of 1st period - Alexander Wennberg wins face-off versus Brandon Sutter in Jets zone.
1:00 of 1st period - Wrist shot by Anthony Mantha.
1:00 of 1st period - Shot Blocked by Josh Gorges.
1:02 of 1st period - Snap shot by Anthony Mantha.
1:02 of 1st period - Stopped by Alexandar Georgiev without a rebound.
1:03 of 1st period - Noel Acciari wins face-off versus Kyle Clifford in Canucks zone.
2:36 of 1st period - Wrist shot by Jujhar Khaira.
2:36 of 1st period - Shot Blocked by Jussi Jokinen.
3:26 of 1st period - Troy Stetcher is hit by Maxim Talbot and loses puck.
3:37 of 1st period - Tyler Myers is hit by Noel Acciari and loses puck.
3:50 of 1st period - Snap shot by Noel Acciari.
3:50 of 1st period - Shot Blocked by Daniel Carcillo.
5:24 of 1st period - Snap shot by Maxim Talbot.
5:24 of 1st period - Stopped by Jacob Markstrom without a rebound.
5:25 of 1st period - Max Domi wins face-off versus Robert Nilsson in Jets zone.
5:25 of 1st period - Max Domi is hit by Kyle Clifford.
5:36 of 1st period - Minor Penalty to Kyle Clifford for Holding.
5:37 of 1st period - Adam Henrique wins face-off versus Robert Nilsson in Canucks zone.
6:19 of 1st period - Icing by Ryan Johansen.
6:20 of 1st period - Ryan Johansen wins face-off versus Robert Nilsson in Jets zone.
7:20 of 1st period - Drew Doughty is hit by Tyler Toffoli.
7:36 of 1st period - Penalty to Kyle Clifford is over, Kyle Clifford is back on ice.
8:12 of 1st period - Slapshot by Joe Pavelski.
8:12 of 1st period - Deflect By Gilbert Brule.
8:12 of 1st period - Stopped by Jacob Markstrom without a rebound.
8:13 of 1st period - Max Domi wins face-off versus Gilbert Brule in Jets zone.
8:18 of 1st period - Joe Pavelski is hit by Max Domi and loses puck.
8:51 of 1st period - Backhand shot by Derick Brassard.
8:51 of 1st period - Shot Misses the Net.
9:11 of 1st period - Jujhar Khaira is hit by Adam Larsson.
9:21 of 1st period - Marco Scandella is hit by Brandon Sutter.
9:41 of 1st period - Brent Burns is hit by Marcus Johansson and loses puck.
10:07 of 1st period - Adam Larsson is hit by Josh Bailey and loses puck.
10:12 of 1st period - Slapshot by Josh Bailey.
10:12 of 1st period - Shot Blocked by Mirco Mueller.
10:14 of 1st period - Wrist shot by Maxim Talbot.
10:14 of 1st period - Shot Misses the Net.
10:16 of 1st period - Slapshot by Josh Gorges.
10:16 of 1st period - Stopped by Jacob Markstrom without a rebound.
10:17 of 1st period - Brandon Sutter wins face-off versus Adam Henrique in Jets zone.
10:53 of 1st period - Snap shot by Marcus Johansson.
10:53 of 1st period - Stopped by Jacob Markstrom with a rebound.
11:05 of 1st period - Icing by Drew Doughty.
11:06 of 1st period - Gilbert Brule wins face-off versus Ryan Johansen in Canucks zone.
11:39 of 1st period - Slapshot by Drew Doughty.
11:39 of 1st period - Deflect By Joe Pavelski.
11:39 of 1st period - Shot Blocked by Brent Burns.
11:39 of 1st period - Puck is out of play.
11:40 of 1st period - Kyle Clifford wins face-off versus Adam Henrique in Jets zone.
11:46 of 1st period - Minor Penalty to Kyle Clifford for Roughing.
11:47 of 1st period - Robert Nilsson wins face-off versus Ryan Johansen in Canucks zone.
11:47 of 1st period - Robert Nilsson is hit by Dougie Hamilton.
12:24 of 1st period - Slapshot by Dougie Hamilton.
12:24 of 1st period - Goal by Dougie Hamilton - Jets : 1 - Canucks : 0.
12:25 of 1st period - Robert Nilsson wins face-off versus Ryan Johansen in neutral zone.
12:30 of 1st period - Marco Scandella is hit by Robert Nilsson and loses puck.
12:43 of 1st period - Marco Scandella is hit by Kyle Clifford and loses puck.
13:18 of 1st period - Dougie Hamilton is hit by Tyler Myers and loses puck.
13:56 of 1st period - Adam Henrique is hit by Sam Gagner and loses puck.
14:09 of 1st period - Wrist shot by Kyle Clifford.
14:09 of 1st period - Stopped by Jacob Markstrom with a rebound.
14:11 of 1st period - Slapshot by Brandon Burlon.
14:11 of 1st period - Stopped by Jacob Markstrom with a rebound.
14:13 of 1st period - Slapshot by Kyle Clifford.
14:13 of 1st period - Shot Misses the Net.
14:15 of 1st period - Slapshot by Josh Gorges.
14:15 of 1st period - Shot Misses the Net.
14:17 of 1st period - Wrist shot by Marcus Johansson.
14:17 of 1st period - Shot Blocked by Brent Burns.
15:21 of 1st period - Slapshot by Maxim Talbot.
15:21 of 1st period - Stopped by Jacob Markstrom without a rebound.
15:22 of 1st period - Maxim Talbot wins face-off versus Adam Henrique in Jets zone.
15:35 of 1st period - Snap shot by Nick Bjugstad.
15:35 of 1st period - Shot Misses the Net.
15:39 of 1st period - Wrist shot by Max Domi.
15:39 of 1st period - Stopped by Alexandar Georgiev without a rebound.
15:40 of 1st period - Robert Nilsson wins face-off versus Ryan Johansen in Canucks zone.
16:20 of 1st period - Wrist shot by Ryan Johansen.
16:20 of 1st period - Shot Misses the Net.
16:22 of 1st period - Wrist shot by Tyler Toffoli.
16:22 of 1st period - Shot Misses the Net.
16:44 of 1st period - Slapshot by Drew Doughty.
16:44 of 1st period - Shot Misses the Net.
16:56 of 1st period - Slapshot by Ryan Johansen.
16:56 of 1st period - Stopped by Alexandar Georgiev without a rebound.
16:57 of 1st period - Adam Henrique wins face-off versus Robert Nilsson in Canucks zone.
16:58 of 1st period - Snap shot by Max Domi.
16:58 of 1st period - Stopped by Alexandar Georgiev without a rebound.
16:59 of 1st period - Adam Henrique wins face-off versus Robert Nilsson in Canucks zone.
17:08 of 1st period - Slapshot by Max Domi.
17:08 of 1st period - Shot Misses the Net.
17:16 of 1st period - Adam Henrique is hit by Robert Nilsson and loses puck.
18:33 of 1st period - Slapshot by Drew Doughty.
18:33 of 1st period - Stopped by Jacob Markstrom with a rebound.
18:42 of 1st period - Slapshot by Daniel Carcillo.
18:42 of 1st period - Stopped by Jacob Markstrom without a rebound.
18:43 of 1st period - Adam Henrique wins face-off versus Robert Nilsson in Jets zone.
19:33 of 1st period - Gilbert Brule is hit by Marco Scandella and loses puck.
19:46 of 1st period - Minor Penalty to Gilbert Brule for Roughing.
19:47 of 1st period - Robert Nilsson wins face-off versus Ryan Johansen in Canucks zone.
Goals for this period are 1 for Jets vs 0 for Canucks.
Shots for this period are 5 for Jets vs 10 for Canucks.
2nd period
0:01 of 2nd period - Ryan Johansen wins face-off versus Kyle Clifford in neutral zone.
1:46 of 2nd period - Penalty to Gilbert Brule is over, Gilbert Brule is back on ice.
1:51 of 2nd period - Derick Brassard is hit by Dougie Hamilton and loses puck.
2:15 of 2nd period - Snap shot by Gilbert Brule.
2:15 of 2nd period - Shot Misses the Net.
2:17 of 2nd period - Slapshot by Maxim Talbot.
2:17 of 2nd period - Shot Misses the Net.
2:19 of 2nd period - Wrist shot by Hampus Lindholm.
2:19 of 2nd period - Shot Misses the Net.
2:21 of 2nd period - Slapshot by Michael Kostka.
2:21 of 2nd period - Shot Misses the Net.
2:25 of 2nd period - Slapshot by Maxim Talbot.
2:25 of 2nd period - Shot Misses the Net.
3:01 of 2nd period - Snap shot by Daniel Carcillo.
3:01 of 2nd period - Shot Misses the Net.
3:54 of 2nd period - Adam Henrique is hit by Brandon Burlon and loses puck.
4:46 of 2nd period - Snap shot by Ryan Johansen.
4:46 of 2nd period - Shot Misses the Net.
4:48 of 2nd period - Wrist shot by Frank Vatrano.
4:48 of 2nd period - Stopped by Alexandar Georgiev with a rebound.
5:05 of 2nd period - Wrist shot by Kyle Clifford.
5:05 of 2nd period - Stopped by Jacob Markstrom with a rebound.
5:35 of 2nd period - Slapshot by Derick Brassard.
5:35 of 2nd period - Stopped by Jacob Markstrom without a rebound.
5:36 of 2nd period - Sam Gagner wins face-off versus Anthony Mantha in Jets zone.
5:41 of 2nd period - Snap shot by Derick Brassard.
5:41 of 2nd period - Shot Blocked by Adam Larsson.
5:59 of 2nd period - Snap shot by Marcus Johansson.
5:59 of 2nd period - Stopped by Jacob Markstrom with a rebound.
6:01 of 2nd period - Snap shot by Tyler Myers.
6:01 of 2nd period - Stopped by Jacob Markstrom with a rebound.
6:03 of 2nd period - Slapshot by Robert Nilsson.
6:03 of 2nd period - Stopped by Jacob Markstrom with a rebound.
6:36 of 2nd period - Snap shot by Max Domi.
6:36 of 2nd period - Stopped by Alexandar Georgiev with a rebound.
6:50 of 2nd period - Snap shot by Adam Henrique.
6:50 of 2nd period - Shot Misses the Net.
6:52 of 2nd period - Slapshot by Ryan Murray.
6:52 of 2nd period - Stopped by Alexandar Georgiev without a rebound.
6:53 of 2nd period - Robert Nilsson wins face-off versus Ryan Johansen in Canucks zone.
6:58 of 2nd period - Wrist shot by Robert Nilsson.
6:58 of 2nd period - Shot Misses the Net.
7:00 of 2nd period - Snap shot by Marcus Johansson.
7:00 of 2nd period - Stopped by Jacob Markstrom without a rebound.
7:01 of 2nd period - Robert Nilsson wins face-off versus Ryan Johansen in Jets zone.
8:23 of 2nd period - Slapshot by Kyle Clifford.
8:23 of 2nd period - Shot Misses the Net.
8:25 of 2nd period - Slapshot by Hampus Lindholm.
8:25 of 2nd period - Shot Blocked by Tyler Toffoli.
8:27 of 2nd period - Backhand shot by Michael Kostka.
8:27 of 2nd period - Deflect By Tyler Toffoli.
8:27 of 2nd period - Stopped by Jacob Markstrom with a rebound.
8:29 of 2nd period - Slapshot by Michael Kostka.
8:29 of 2nd period - Shot Misses the Net.
8:31 of 2nd period - Snap shot by Michael Kostka.
8:31 of 2nd period - Deflect By Kyle Clifford.
8:31 of 2nd period - Goal by Kyle Clifford - Jets : 1 - Canucks : 1.
8:32 of 2nd period - Brandon Sutter wins face-off versus Adam Henrique in neutral zone.
8:58 of 2nd period - Joe Pavelski is hit by Adam Larsson and loses puck.
9:17 of 2nd period - Alexander Wennberg is hit by Tyler Myers and loses puck.
9:54 of 2nd period - Slapshot by Troy Stetcher.
9:54 of 2nd period - Shot Misses the Net.
10:25 of 2nd period - Jujhar Khaira is hit by Jussi Jokinen and loses puck.
10:34 of 2nd period - Brent Burns is hit by Gilbert Brule and loses puck.
11:30 of 2nd period - Joe Pavelski is hit by Jussi Jokinen and loses puck.
11:55 of 2nd period - Snap shot by Jussi Jokinen.
11:55 of 2nd period - Stopped by Alexandar Georgiev without a rebound.
11:56 of 2nd period - Robert Nilsson wins face-off versus Ryan Johansen in Canucks zone.
11:56 of 2nd period - Robert Nilsson is hit by Tyler Toffoli.
12:35 of 2nd period - Wrist shot by Tyler Toffoli.
12:35 of 2nd period - Stopped by Alexandar Georgiev with a rebound.
12:37 of 2nd period - Snap shot by Tyler Toffoli.
12:37 of 2nd period - Goal by Tyler Toffoli - Jets : 2 - Canucks : 1.
12:38 of 2nd period - Robert Nilsson wins face-off versus Adam Henrique in neutral zone.
12:55 of 2nd period - Snap shot by Hampus Lindholm.
12:55 of 2nd period - Stopped by Jacob Markstrom with a rebound.
13:11 of 2nd period - Snap shot by Derick Brassard.
13:11 of 2nd period - Stopped by Jacob Markstrom without a rebound.
13:12 of 2nd period - Ryan Johansen wins face-off versus Brandon Sutter in Jets zone.
13:12 of 2nd period - Marco Scandella is hit by Josh Gorges and loses puck.
13:17 of 2nd period - Wrist shot by Sam Gagner.
13:17 of 2nd period - Shot Blocked by Marco Scandella.
13:19 of 2nd period - Slapshot by Brandon Burlon.
13:19 of 2nd period - Deflect By Brandon Sutter.
13:19 of 2nd period - Shot Misses the Net.
13:19 of 2nd period - Puck is out of play.
13:20 of 2nd period - Ryan Johansen wins face-off versus Robert Nilsson in Jets zone.
13:20 of 2nd period - Ryan Johansen is hit by Brandon Burlon.
13:28 of 2nd period - Backhand shot by Kyle Clifford.
13:28 of 2nd period - Stopped by Jacob Markstrom with a rebound.
13:30 of 2nd period - Slapshot by Brandon Burlon.
13:30 of 2nd period - Shot Misses the Net.
13:32 of 2nd period - Slapshot by Josh Gorges.
13:32 of 2nd period - Shot Misses the Net.
13:34 of 2nd period - Slapshot by Josh Gorges.
13:34 of 2nd period - Shot Blocked by Adam Larsson.
14:19 of 2nd period - Snap shot by Josh Bailey.
14:19 of 2nd period - Shot Blocked by Sam Reinhart.
14:55 of 2nd period - Troy Stetcher is hit by Derick Brassard.
15:16 of 2nd period - Tyler Myers is hit by Noel Acciari and loses puck.
15:27 of 2nd period - Tyler Toffoli is hit by Robert Nilsson and loses puck.
15:56 of 2nd period - Josh Bailey is hit by Nick Bjugstad and loses puck.
16:04 of 2nd period - Icing by Hampus Lindholm.
16:05 of 2nd period - Alexander Wennberg wins face-off versus Gilbert Brule in Canucks zone.
16:12 of 2nd period - Snap shot by Alexander Wennberg.
16:12 of 2nd period - Shot Misses the Net.
16:26 of 2nd period - Slapshot by Jujhar Khaira.
16:26 of 2nd period - Shot Blocked by Brent Burns.
16:36 of 2nd period - Snap shot by Adam Henrique.
16:36 of 2nd period - Deflect By Nick Bjugstad.
16:36 of 2nd period - Stopped by Alexandar Georgiev with a rebound.
16:45 of 2nd period - Off-side.
16:46 of 2nd period - Ryan Johansen wins face-off versus Brandon Sutter in neutral zone.
16:51 of 2nd period - Snap shot by Ryan Johansen.
16:51 of 2nd period - Goal by Ryan Johansen - Jets : 3 - Canucks : 1.
16:52 of 2nd period - Adam Henrique wins face-off versus Robert Nilsson in neutral zone.
17:19 of 2nd period - Brandon Sutter is hit by Sam Reinhart and loses puck.
17:44 of 2nd period - Icing by Hampus Lindholm.
17:45 of 2nd period - Gilbert Brule wins face-off versus Alexander Wennberg in Canucks zone.
18:13 of 2nd period - Snap shot by Kyle Clifford.
18:13 of 2nd period - Stopped by Jacob Markstrom without a rebound.
18:14 of 2nd period - Adam Henrique wins face-off versus Robert Nilsson in Jets zone.
18:32 of 2nd period - Kyle Clifford is hit by Nick Bjugstad and loses puck.
18:39 of 2nd period - Drew Doughty is hit by Nick Bjugstad and loses puck.
18:47 of 2nd period - Icing by Kyle Clifford.
18:48 of 2nd period - Ryan Johansen wins face-off versus Robert Nilsson in Canucks zone.
18:57 of 2nd period - Slapshot by Kyle Clifford.
18:57 of 2nd period - Stopped by Jacob Markstrom without a rebound.
18:58 of 2nd period - Ryan Johansen wins face-off versus Brandon Sutter in Jets zone.
19:09 of 2nd period - Slapshot by Ryan Johansen.
19:09 of 2nd period - Shot Misses the Net.
19:25 of 2nd period - Icing by Tyler Toffoli.
19:26 of 2nd period - Adam Henrique wins face-off versus Maxim Talbot in Jets zone.
19:35 of 2nd period - Snap shot by Nick Bjugstad.
19:35 of 2nd period - Stopped by Alexandar Georgiev with a rebound.
19:37 of 2nd period - Wrist shot by Ryan Murray.
19:37 of 2nd period - Deflect By Max Domi.
19:37 of 2nd period - Shot Misses the Net.
19:37 of 2nd period - Puck is out of play.
19:38 of 2nd period - Robert Nilsson wins face-off versus Adam Henrique in Canucks zone.
Goals for this period are 2 for Jets vs 1 for Canucks.
Shots for this period are 9 for Jets vs 13 for Canucks.
3rd period
0:01 of 3rd period - Robert Nilsson wins face-off versus Ryan Johansen in neutral zone.
0:37 of 3rd period - Slapshot by Brandon Sutter.
0:37 of 3rd period - Stopped by Jacob Markstrom without a rebound.
0:38 of 3rd period - Adam Henrique wins face-off versus Robert Nilsson in Jets zone.
0:38 of 3rd period - Adam Henrique is hit by Robert Nilsson.
0:53 of 3rd period - Off-side.
0:54 of 3rd period - Brandon Sutter wins face-off versus Ryan Johansen in neutral zone.
2:24 of 3rd period - Slapshot by Dougie Hamilton.
2:24 of 3rd period - Stopped by Alexandar Georgiev with a rebound.
2:47 of 3rd period - Icing by Robert Nilsson.
2:48 of 3rd period - Brandon Sutter wins face-off versus Ryan Johansen in Canucks zone.
2:54 of 3rd period - Icing by Sam Gagner.
2:55 of 3rd period - Brandon Sutter wins face-off versus Adam Henrique in Canucks zone.
3:02 of 3rd period - Snap shot by Sam Gagner.
3:02 of 3rd period - Stopped by Jacob Markstrom without a rebound.
3:03 of 3rd period - Robert Nilsson wins face-off versus Adam Henrique in Jets zone.
3:15 of 3rd period - Off-side.
3:16 of 3rd period - Ryan Johansen wins face-off versus Robert Nilsson in neutral zone.
3:28 of 3rd period - Icing by Tyler Myers.
3:29 of 3rd period - Ryan Johansen wins face-off versus Robert Nilsson in Canucks zone.
3:50 of 3rd period - Marco Scandella is hit by Robert Nilsson and loses puck.
3:59 of 3rd period - Snap shot by Ryan Johansen.
3:59 of 3rd period - Stopped by Alexandar Georgiev without a rebound.
4:00 of 3rd period - Brandon Sutter wins face-off versus Adam Henrique in Canucks zone.
4:51 of 3rd period - Slapshot by Hampus Lindholm.
4:51 of 3rd period - Stopped by Jacob Markstrom without a rebound.
4:52 of 3rd period - Robert Nilsson wins face-off versus Ryan Johansen in Jets zone.
4:56 of 3rd period - Icing by Dougie Hamilton.
4:57 of 3rd period - Robert Nilsson wins face-off versus Ryan Johansen in Jets zone.
5:10 of 3rd period - Drew Doughty is hit by Ryan Johansen and loses puck.
5:32 of 3rd period - Off-side.
5:33 of 3rd period - Robert Nilsson wins face-off versus Ryan Johansen in neutral zone.
5:40 of 3rd period - Slapshot by Kyle Clifford.
5:40 of 3rd period - Deflect By Robert Nilsson.
5:40 of 3rd period - Stopped by Jacob Markstrom with a rebound.
6:04 of 3rd period - Wrist shot by Adam Henrique.
6:04 of 3rd period - Stopped by Alexandar Georgiev with a rebound.
6:06 of 3rd period - Snap shot by Marco Scandella.
6:06 of 3rd period - Stopped by Alexandar Georgiev with a rebound.
6:08 of 3rd period - Snap shot by Nick Bjugstad.
6:08 of 3rd period - Stopped by Alexandar Georgiev with a rebound.
6:10 of 3rd period - Snap shot by Nick Bjugstad.
6:10 of 3rd period - Goal by Nick Bjugstad - Jets : 4 - Canucks : 1.
6:11 of 3rd period - Adam Henrique wins face-off versus Robert Nilsson in neutral zone.
6:14 of 3rd period - Slapshot by Ryan Murray.
6:14 of 3rd period - Deflect By Robert Nilsson.
6:14 of 3rd period - Stopped by Alexandar Georgiev without a rebound.
6:15 of 3rd period - Robert Nilsson wins face-off versus Adam Henrique in Canucks zone.
6:26 of 3rd period - Slapshot by Max Domi.
6:26 of 3rd period - Shot Misses the Net.
6:44 of 3rd period - Slapshot by Dougie Hamilton.
6:44 of 3rd period - Stopped by Alexandar Georgiev with a rebound.
6:54 of 3rd period - Slapshot by Ryan Johansen.
6:54 of 3rd period - Stopped by Alexandar Georgiev with a rebound.
7:13 of 3rd period - Wrist shot by Jujhar Khaira.
7:13 of 3rd period - Stopped by Jacob Markstrom without a rebound.
7:14 of 3rd period - Adam Henrique wins face-off versus Robert Nilsson in Jets zone.
7:21 of 3rd period - Slapshot by Marco Scandella.
7:21 of 3rd period - Shot Misses the Net.
7:23 of 3rd period - Snap shot by Adam Larsson.
7:23 of 3rd period - Deflect By Max Domi.
7:23 of 3rd period - Shot Misses the Net.
7:23 of 3rd period - Puck is out of play.
7:24 of 3rd period - Adam Henrique wins face-off versus Robert Nilsson in Canucks zone.
7:35 of 3rd period - Snap shot by Nick Bjugstad.
7:35 of 3rd period - Shot Misses the Net.
7:37 of 3rd period - Snap shot by Adam Larsson.
7:37 of 3rd period - Shot Misses the Net.
7:39 of 3rd period - Slapshot by Adam Larsson.
7:39 of 3rd period - Stopped by Alexandar Georgiev without a rebound.
7:40 of 3rd period - Ryan Johansen wins face-off versus Derick Brassard in Canucks zone.
7:45 of 3rd period - Snap shot by Ryan Johansen.
7:45 of 3rd period - Shot Blocked by Drew Doughty.
7:47 of 3rd period - Snap shot by Ryan Johansen.
7:47 of 3rd period - Stopped by Alexandar Georgiev without a rebound.
7:48 of 3rd period - Brandon Sutter wins face-off versus Ryan Johansen in Canucks zone.
7:48 of 3rd period - Brandon Sutter is hit by Tyler Toffoli.
8:00 of 3rd period - Tyler Myers is hit by Ryan Johansen and loses puck.
8:11 of 3rd period - Snap shot by Ryan Johansen.
8:11 of 3rd period - Shot Misses the Net.
8:17 of 3rd period - Snap shot by Ryan Johansen.
8:17 of 3rd period - Stopped by Alexandar Georgiev with a rebound.
8:19 of 3rd period - Snap shot by Ryan Johansen.
8:19 of 3rd period - Shot Misses the Net.
8:21 of 3rd period - Snap shot by Sam Reinhart.
8:21 of 3rd period - Deflect By Tyler Toffoli.
8:21 of 3rd period - Shot Misses the Net.
8:21 of 3rd period - Puck is out of play.
8:22 of 3rd period - Adam Henrique wins face-off versus Robert Nilsson in Canucks zone.
8:29 of 3rd period - Snap shot by Max Domi.
8:29 of 3rd period - Shot Misses the Net.
8:31 of 3rd period - Slapshot by Adam Larsson.
8:31 of 3rd period - Deflect By Nick Bjugstad.
8:31 of 3rd period - Shot Misses the Net.
8:31 of 3rd period - Puck is out of play.
8:32 of 3rd period - Robert Nilsson wins face-off versus Adam Henrique in Canucks zone.
8:49 of 3rd period - Snap shot by Robert Nilsson.
8:49 of 3rd period - Deflect By Kyle Clifford.
8:49 of 3rd period - Shot Hit the Post.
8:49 of 3rd period - Puck is out of play.
8:50 of 3rd period - Sam Reinhart wins face-off versus Brandon Sutter in Jets zone.
8:54 of 3rd period - Off-side.
8:55 of 3rd period - Ryan Johansen wins face-off versus Brandon Sutter in neutral zone.
9:07 of 3rd period - Drew Doughty is hit by Ryan Murray.
9:20 of 3rd period - Minor Penalty to Tyler Myers for Hooking.
9:21 of 3rd period - Robert Nilsson wins face-off versus Ryan Johansen in Canucks zone.
9:21 of 3rd period - Robert Nilsson is hit by Dougie Hamilton.
9:53 of 3rd period - Michael Kostka is hit by Adam Henrique and loses puck.
11:18 of 3rd period - Drew Doughty is hit by Frank Vatrano and loses puck.
11:20 of 3rd period - Penalty to Tyler Myers is over, Tyler Myers is back on ice.
11:32 of 3rd period - Ryan Murray is hit by Tyler Myers and loses puck.
11:37 of 3rd period - Wrist shot by Robert Nilsson.
11:37 of 3rd period - Stopped by Jacob Markstrom without a rebound.
11:38 of 3rd period - Alexander Wennberg wins face-off versus Brandon Sutter in Jets zone.
12:03 of 3rd period - Jujhar Khaira is hit by Noel Acciari and loses puck.
12:20 of 3rd period - Josh Gorges is hit by Nick Bjugstad and loses puck.
12:58 of 3rd period - Snap shot by Derick Brassard.
12:58 of 3rd period - Stopped by Jacob Markstrom with a rebound.
13:00 of 3rd period - Slapshot by Drew Doughty.
13:00 of 3rd period - Shot Misses the Net.
13:04 of 3rd period - Snap shot by Sam Gagner.
13:04 of 3rd period - Shot Blocked by Adam Larsson.
13:06 of 3rd period - Wrist shot by Derick Brassard.
13:06 of 3rd period - Stopped by Jacob Markstrom without a rebound.
13:07 of 3rd period - Robert Nilsson wins face-off versus Adam Henrique in Jets zone.
13:36 of 3rd period - Slapshot by Dougie Hamilton.
13:36 of 3rd period - Deflect By Ryan Johansen.
13:36 of 3rd period - Stopped by Alexandar Georgiev with a rebound.
13:38 of 3rd period - Wrist shot by Tyler Toffoli.
13:38 of 3rd period - Stopped by Alexandar Georgiev without a rebound.
13:39 of 3rd period - Brandon Sutter wins face-off versus Ryan Johansen in Canucks zone.
14:04 of 3rd period - Snap shot by Brandon Sutter.
14:04 of 3rd period - Deflect By Derick Brassard.
14:04 of 3rd period - Stopped by Jacob Markstrom with a rebound.
14:19 of 3rd period - Slapshot by Derick Brassard.
14:19 of 3rd period - Stopped by Jacob Markstrom with a rebound.
14:23 of 3rd period - Snap shot by Derick Brassard.
14:23 of 3rd period - Stopped by Jacob Markstrom with a rebound.
14:25 of 3rd period - Slapshot by Michael Kostka.
14:25 of 3rd period - Deflect By Sam Gagner.
14:25 of 3rd period - Deflect By Adam Larsson.
14:25 of 3rd period - Shot Misses the Net.
14:25 of 3rd period - Puck is out of play.
14:26 of 3rd period - Adam Henrique wins face-off versus Robert Nilsson in Jets zone.
14:32 of 3rd period - Off-side.
14:33 of 3rd period - Max Domi wins face-off versus Robert Nilsson in neutral zone.
14:45 of 3rd period - Wrist shot by Max Domi.
14:45 of 3rd period - Shot Misses the Net.
14:47 of 3rd period - Slapshot by Ryan Murray.
14:47 of 3rd period - Stopped by Alexandar Georgiev without a rebound.
14:48 of 3rd period - Ryan Johansen wins face-off versus Robert Nilsson in Canucks zone.
15:15 of 3rd period - Tyler Myers is hit by Max Domi and loses puck.
15:42 of 3rd period - Marco Scandella is hit by Tyler Myers and loses puck.
16:31 of 3rd period - Snap shot by Brandon Sutter.
16:31 of 3rd period - Stopped by Jacob Markstrom without a rebound.
16:32 of 3rd period - Robert Nilsson wins face-off versus Ryan Johansen in Jets zone.
16:39 of 3rd period - Wrist shot by Marcus Johansson.
16:39 of 3rd period - Stopped by Jacob Markstrom with a rebound.
17:49 of 3rd period - Daniel Carcillo is hit by Marco Scandella and loses puck.
17:53 of 3rd period - Icing by Michael Kostka.
17:54 of 3rd period - Maxim Talbot wins face-off versus Noel Acciari in Canucks zone.
18:21 of 3rd period - Wrist shot by Daniel Carcillo.
18:21 of 3rd period - Stopped by Jacob Markstrom without a rebound.
18:22 of 3rd period - Adam Henrique wins face-off versus Kyle Clifford in Jets zone.
18:27 of 3rd period - Snap shot by Max Domi.
18:27 of 3rd period - Stopped by Alexandar Georgiev without a rebound.
18:28 of 3rd period - Marcus Johansson wins face-off versus Adam Henrique in Canucks zone.
18:28 of 3rd period - Marcus Johansson is hit by Adam Henrique.
Goals for this period are 1 for Jets vs 0 for Canucks.
Shots for this period are 16 for Jets vs 14 for Canucks.